Map: Automaton LE

Players

Jozrael

  • Race: Terran Terran
  • League: Platinum
  • Spawn Location: 9:00

Cheater 1 (Vision) - Winner!

  • Race: Protoss Protoss
  • Spawn Location: 3:00

VOD

Have the link to the VOD?

Description

Time

  • Played on: May 19, 2019, 3:10 a.m.
  • Length: 5:01
Show
View Real Time Build Order
Export as new Build Order

Jozrael Terran 

Build Orders: 1/1/1, Liberator Opening 

Get SALT Encoding   

  12  0:00  SCV  
  13  0:12  SCV  
  14  0:18  Supply Depot  
  14  0:24  SCV  
  15  0:29  Refinery  
  15  0:42  Barracks  
  15  0:46  SCV  
  16  0:58  SCV  
  16  0:59  Refinery  
  17  1:11  SCV  
  18  1:23  SCV  
  19  1:31  Factory  
  19  1:35  SCV  
  19  1:36  Barracks Reactor  
  20  1:47  SCV  
  20  1:50  Supply Depot  
  21  1:59  SCV  
  22  2:16  Starport  
  22  2:17  Marine  
  22  2:18  Marine  
  22  2:21  Factory Tech Lab  
  24  2:31  Supply Depot  
  24  2:35  Marine  
  24  2:36  Marine  
  26  2:41  Siege Tank  
  26  2:43  Liberator  
  29  2:53  Marine  
  29  2:54  Marine  
  34  3:13  Siege Tank  
  34  3:14  Marine  
  38  3:29  Orbital Command  
  38  3:34  Supply Depot  
  38  3:35  Marine  
  39  3:56  Marine, Siege Tank  
  41  4:24  Marine  
  41  4:25  Marine  
  42  4:42  Marine  
  46  4:47  Supply Depot  
Show
View Real Time Build Order
Export as new Build Order

Cheater 1 (Vision) Protoss - Winner!

Build Orders: 1 Gate Expand 

Get SALT Encoding   

  12  0:00  Probe  
  13  0:13  Probe  
  14  0:21  Pylon  
  14  0:25  Probe  
  15  0:35  Probe  
  16  0:43  Probe  
  17  0:51  Gateway  
  17  0:53  Probe  
  18  1:01  Probe  
  19  1:18  Probe  
  19  1:19  Nexus  
  20  1:30  Probe  
  21  1:38  Pylon  
  21  1:40  Zealot  
  23  1:47  Cybernetics Core  
  23  1:51  Assimilator  
  23  1:56  Probe  
  24  2:08  Probe  
  25  2:20  Probe  
  25  2:22  Pylon  
  26  2:27  Probe  
  26  2:32  Probe  
  26  2:33  Gateway  
  26  2:35  Probe  
  28  2:37  Warp Gate  
  28  2:39  Assimilator  
  29  2:44  Probe  
  30  2:55  Pylon, Probe  
  30  2:56  Stalker  
  30  2:57  Probe  
  34  3:04  Probe  
  34  3:09  Probe  
  36  3:16  Probe  
  36  3:20  Adept  
  36  3:23  Probe  
  36  3:26  Adept  
  42  3:29  Probe  
  42  3:30  Robotics Facility  
  43  3:35  Probe  
  43  3:37  Probe  
  44  3:47  Probe  
  46  3:49  Forge  
  46  3:50  Adept  
  48  3:56  Adept  
  50  4:03  Probe  
  50  4:05  Probe  
  52  4:15  Adept  
  52  4:16  Pylon  
  46  4:24  Photon Cannon  
  46  4:26  Photon Cannon  
  46  4:33  Stalker  
  33  4:53  Stalker  
  33  4:56  Adept  
Tags
 
Add a new tag
Caveats
  • Supply blocks, unpowered buildings, or Contaminate may cause inaccurate times.
  • Supply counts are checked every 10 seconds.